Map: Eternal Empire LE

Players

redbusman - Winner!

  • Race: Terran Terran
  • League: Silver
  • Spawn Location: 7:00

ASequoiaTree

  • Race: Protoss Protoss
  • Spawn Location: 1:00

VOD

Have the link to the VOD?

Description

Time

  • Played on: July 21, 2020, 11:21 p.m.
  • Length: 10:06
Show
View Real Time Build Order
Export as new Build Order

redbusman Terran - Winner!

Build Orders:  

Get SALT Encoding   

  12  0:01  SCV  
  13  0:13  SCV  
  14  0:19  Supply Depot  
  14  0:25  SCV  
  15  0:40  SCV  
  15  0:42  Barracks  
  16  0:52  SCV  
  16  0:53  Refinery  
  17  1:04  SCV  
  18  1:17  SCV  
  19  1:33  Marine, Command Center  
  20  1:40  Orbital Command  
  20  1:53  Barracks Reactor  
  20  2:09  SCV  
  21  2:19  Factory  
  21  2:21  SCV  
  22  2:33  SCV  
  23  2:38  Refinery  
  23  2:44  Marine x2  
  23  2:51  Supply Depot x2  
  25  2:58  Orbital Command  
  25  3:02  Marine x2  
  27  3:06  Starport  
  27  3:10  Widow Mine  
  29  3:13  SCV  
  30  3:20  Marine x2  
  32  3:28  SCV x2  
  34  3:40  SCV x2  
  36  3:43  Factory Tech Lab  
  36  3:45  Starport Tech Lab  
  36  3:50  Barracks  
  36  3:51  Barracks  
  36  3:52  SCV x2  
  38  3:59  Engineering Bay  
  38  4:12  Marine  
  38  4:13  Marine  
  40  4:22  Supply Depot  
  40  4:28  Factory Tech Lab  
  40  4:30  Marine x2  
  42  4:34  SCV x2  
  44  4:42  Supply Depot  
  44  4:44  Supply Depot  
  44  4:46  SCV  
  44  4:47  SCV  
  44  4:48  Marine x2  
  44  4:49  Supply Depot  
  48  4:59  SCV x2  
  50  5:06  Marine x2  
  52  5:07  Medivac  
  52  5:10  Combat Shield  
  52  5:11  SCV x2  
  52  5:12  Stimpack  
  56  5:15  Terran Infantry Weapons Level 1  
  56  5:23  Marine x2  
  56  5:24  Marine x2  
  60  5:37  SCV, Medivac  
  60  5:41  Marine x2  
  60  5:42  Marine x2  
  67  5:46  Refinery  
  67  5:49  SCV  
  68  5:55  Supply Depot  
  68  5:58  Supply Depot, Marine  
  68  5:59  Supply Depot  
  68  6:00  Marine x2  
  68  6:01  Marine, SCV  
  73  6:07  Medivac  
  75  6:16  Marine, Missile Turret  
  76  6:18  Marine x3  
  76  6:20  Missile Turret  
  79  6:30  Concussive Shells  
  79  6:34  Marine  
  79  6:36  Marine x3  
  79  6:37  Medivac  
  85  6:52  Marine  
  85  6:54  Marine x3  
  86  7:07  Medivac  
  88  7:10  Marine  
  88  7:12  Marine x3  
  92  7:22  Missile Turret  
  92  7:26  Missile Turret x2  
  92  7:28  Marine  
  92  7:29  Marine  
  93  7:30  Marine x2  
  96  7:37  Medivac  
  98  7:46  Marauder  
  98  7:47  Marine x2  
  98  7:48  Marauder  
  98  7:50  Missile Turret  
  104  7:59  Missile Turret  
  104  8:05  Marine x2  
  104  8:07  Marine  
  104  8:09  Marine  
  108  8:13  Supply Depot  
  108  8:19  Supply Depot  
  108  8:23  Marine x2  
  110  8:34  Marine x2  
  110  8:41  Marine x2  
  114  8:52  Marine x2  
  116  8:58  Marine  
  116  8:59  Marine  
  118  9:10  Marine x2  
Show
View Real Time Build Order
Export as new Build Order

ASequoiaTree Protoss 

Build Orders: Oracle Opening 

Get SALT Encoding   

  12  0:02  Probe  
  13  0:14  Probe  
  14  0:29  Pylon  
  14  0:30  Probe  
  15  0:43  Probe  
  15  0:46  Assimilator  
  16  0:55  Assimilator, Probe  
  17  1:06  Gateway  
  17  1:07  Probe  
  18  1:16  Probe  
  18  1:24  Probe  
  20  1:33  Probe  
  20  1:35  Gateway  
  21  1:44  Pylon  
  21  1:45  Probe  
  22  1:57  Probe  
  23  2:02  Zealot  
  25  2:09  Pylon  
  25  2:25  Cybernetics Core  
  25  2:29  Zealot  
  27  2:30  Zealot  
  29  2:45  Pylon  
  29  3:04  Stargate  
  29  3:17  Stalker  
  29  3:18  Stalker  
  33  3:39  Oracle  
  36  4:08  Pylon  
  36  4:10  Stalker  
  36  4:12  Zealot  
  36  4:16  Oracle  
  43  4:33  Warp Gate  
  43  4:39  Zealot  
  45  4:48  Oracle  
  45  4:53  Robotics Facility  
  45  4:57  Gateway  
  45  4:59  Pylon  
  48  5:08  Nexus  
  48  5:13  Oracle  
  51  5:42  Immortal  
  55  5:48  Oracle  
  58  6:00  Sentry  
  58  6:01  Zealot  
  62  6:12  Pylon  
  62  6:16  Pylon  
  62  6:19  Pylon  
  62  6:20  Zealot  
  62  6:21  Immortal  
  62  6:22  Pylon  
  68  6:33  Probe  
  69  6:41  Probe  
  67  6:50  Probe  
  65  7:02  Probe  
  66  7:14  Probe  
  67  7:18  Robotics Bay  
  68  7:23  Observer  
  68  7:27  Stalker  
  68  7:28  Stalker x2  
  75  7:44  Observer  
  75  7:45  Assimilator  
  75  7:51  Pylon  
  75  7:53  Pylon  
  75  7:57  Pylon  
  75  8:01  Assimilator  
  75  8:06  Extended Thermal Lance  
  75  8:17  Probe  
  75  8:21  Colossus  
  75  8:25  Probe  
  83  8:35  Probe  
  84  8:47  Probe  
  85  8:52  Void Ray  
  89  8:59  Probe  
  90  9:10  Colossus  
  90  9:11  Probe  
  90  9:12  Sentry  
  99  9:19  Sentry  
  99  9:23  Zealot, Probe  
  104  9:34  Forge  
Tags
 
Add a new tag
Caveats
  • Supply blocks, unpowered buildings, or Contaminate may cause inaccurate times.
  • Supply counts are checked every 10 seconds.